 Dungeon Crawl Stone Soup version 0.30.1-9-gdf580d7c3d (webtiles) character file.

Game seed: 16858213148046009672

168 Masjack the Covered (level 5, -8/47 HPs)
             Began as a Minotaur Fighter on Oct 18, 2023.
             Killed by nerve-wracking pain
             ... invoked by Grinder
              (11 damage)
             ... on level 3 of the Dungeon.
             The game lasted 00:25:04 (3633 turns).

Masjack the Covered (Minotaur Fighter)              Turns: 3633, Time: 00:25:05

Health: -8/47      AC:  8    Str: 23    XL:     5   Next: 24%
Magic:  4/4        EV:  9    Int:  5    God:
Gold:   114        SH:  5    Dex: 15    Spells: 3/4 levels left

rFire   . . .        a - +0 long sword
rCold   . . .        c - +0 buckler
rNeg    . . .        b - +1 scale mail
rPois   .            (helmet restricted)
rElec   .            (no cloak)
rCorr   .            (no gloves)
SInv    .            (no boots)
Will    .....        (no amulet) Stlth
                     h - +6 ring of dexterity
HPRegen 0.27/turn    (no ring)
MPRegen 0.09/turn

%: no passive effects
@: mighty
A: horns 2, retaliatory headbutt
a: no special abilities


You were on level 3 of the Dungeon.
You visited 1 branch of the dungeon, and saw 3 of its levels.

You collected 114 gold pieces.

Inventory:

Hand Weapons
 a - a +0 long sword (weapon)
 k - a +1 mace of protection
Armour
 b - a +1 scale mail (worn)
 c - a +0 buckler (worn)
Jewellery
 h - a +6 ring of dexterity (left hand)
Wands
 m - a wand of roots (11)
Scrolls
 g - 3 scrolls of identify
 j - a scroll of teleportation
Potions
 d - a potion of might
 e - 2 potions of berserk rage
 i - a potion of brilliance {unknown}


   Skills:
 + Level 4.7 Fighting
 + Level 3.2 Long Blades
 + Level 5.1 Armour
 + Level 0.2 Dodging
 + Level 4.8 Shields


You had 3 spell levels left.
You knew the following spells:

 Your Spells              Type           Power      Damage    Failure   Level
a - Beastly Appendage     Tmut           0%         N/A       83%         1

Your spell library contained the following spells:

 Spells                   Type           Power      Damage    Failure   Level
 Wereblood                Tmut           0%         N/A       93%         2
 Gell's Gravitas          Tloc           0%         N/A       99%         3
 Ignite Poison            Fire/Tmut/Pois 0%         N/A       99%         3
 Spider Form              Tmut/Pois      0%         N/A       99%         3
 Teleport Other           Tloc           0%         N/A       99%         3
 Sticky Flame             Conj/Fire      0%         2d3       100%        4
 Dispersal                Tloc           0%         N/A       100%        6
 Ignition                 Fire           0%         3d3       100%        8


Dungeon Overview and Level Annotations

Branches:
Dungeon (3/15)

Altars:

Shops:
D:3 *

Annotations:
D:3 Grinder


Innate Abilities, Weirdness & Mutations

You have a pair of horns on your head.
You reflexively headbutt those who attack you in melee.


Message History

It was a scroll of noise.
There is an escape hatch in the ceiling here.
A rat comes into view.
The rat barely misses you. You furiously retaliate!
You headbutt the rat. The rat bites you but does no damage.
You slash the rat!
You kill the rat!
You see here a rat corpse.
Grinder shouts!
Grinder gestures at you. You resist with significant effort.
Sorry, you're not good enough to have a special ability.
Casting: Beastly Appendage (safe; 83% risk of failure)
Confirm with . or Enter, or press ? or * to list all spells.
You miscast Beastly Appendage.
You are very lightly contaminated with residual magic.
Nothing appears to happen.
You feel very mighty all of a sudden.
Your magical contamination has completely faded away.
You slash Grinder!
Grinder is moderately wounded.
Grinder hits you.
You writhe in agony.
You barely miss Grinder.
Grinder is moderately wounded.
Grinder says, "Don't move a muscle."
Grinder gestures at you. Pain shoots through your body!
You hit Grinder. You headbutt Grinder.
Grinder is heavily wounded.
Grinder hits you!
You writhe in agony.
Grinder hits you.
* * * LOW HITPOINT WARNING * * *
You writhe in agony.
* * * LOW HITPOINT WARNING * * *
Grinder says, "You look like you could use a good racking."
Grinder gestures at you. Pain shoots through your body!
* * * LOW HITPOINT WARNING * * *
Grinder gestures at you. Pain shoots through your body!
You die...

...######.# ##
#.######### ..
#.........#
.###.##.#######.#
............# #.#
.######.###.###.#
#...5.....#
#####.##### #@#
#.# +# #.# >..
#.# $... ## #.#
..... ##.##†#
..... ####.....#
..... '.......##
..... ####....#


You could see Grinder.

Vanquished Creatures
  A jelly (D:3)
  Terence (D:2)
  3 gnolls (D:3)
  4 adders (D:2)
  A worm (D:2)
  2 dart slugs (D:3)
  An orc (D:3)
  4 bats
  4 endoplasms
  4 hobgoblins
  3 quokkas
  A ball python (D:3)
  2 frilled lizards
  6 goblins
  4 kobolds
  5 rats
46 creatures vanquished.

Notes
Turn   | Place    | Note
-------+----------+-------------------------------------------
     0 | D:1      | Masjack the Minotaur Fighter began the quest for the Orb.
     0 | D:1      | Reached XP level 1. HP: 19/19 MP: 0/0
   294 | D:1      | Reached XP level 2. HP: 27/27 MP: 1/1
   335 | D:1      | Reached skill level 4 in Armour
  1036 | D:2      | Reached XP level 3. HP: 20/33 MP: 2/2
  1480 | D:2      | Learned a level 1 spell: Beastly Appendage
  1586 | D:2      | Noticed Terence
  1596 | D:2      | Killed Terence
  1597 | D:2      | Reached XP level 4. HP: 34/41 MP: 3/3
  2640 | D:3      | Noticed Grinder
  3229 | D:3      | Reached XP level 5. HP: 47/47 MP: 4/4
  3348 | D:3      | Found Emoih's General Store.
  3435 | D:3      | Reached skill level 5 in Armour
  3633 | D:3      | Killed from afar by Grinder

Illustrated notes

Levels and vault maps discovered:
D:1:      minmay_arrival_semitransparent, layout_basic, serial_bayou_lagoon_b
D:2:      minmay_general_purpose_star, layout_loops_corners, serial_shops, shop,
          kennysheep_decorative_pillar, uniq_terence
D:3:      layout_loops_corners, serial_shops, nicolae_lakefront_shop,
          portal_sewer_entry_e, st_stairs_7, uniq_grinder

Skill      XL: |  1  2  3  4  5 |
---------------+----------------+-----
Armour         | 4 5 |  5.1
Fighting       | 4 |  4.7
Shields        | 4 |  4.8
Long Blades    | 3 |  3.2
Dodging        | |  0.2

Action                     |  1- 3 |  4- 6 || total
---------------------------+-------+-------++-------
  Melee: Long sword        |    63 |    62 ||   125
         Headbutt          |    12 |    11 ||    23
    Use: Scroll            |       |     5 ||     5
         Potion            |       |     2 ||     2
 Armour: Scale mail        |    44 |    25 ||    69
  Dodge: Dodged            |    25 |    24 ||    49
  Block: Buckler           |    14 |     9 ||    23
